cohdb
Replays
Latest Replays
All Replays
Popular Replays
Top Player Replays
Match Explorer
How It Works
Community
CoH3 Stats
Reddit
Sign in to upload your games and track your stats! →
Sign in with Steam
Match 43961715
Unlisted
Match 43961715
Overview
Messages
Build Orders
End
Selects Italian Coastal Battlegroup
Selects Coastal Reserves
Coastal Reserve
Coastal Reserve
Coastal Reserve
Coastal Reserve
Construct Infanterie Kompanie
Medical Bunker
Construct Panzergrenadier Kompanie
Infanterie Officer Quarters
Selects Support Bunkers
Pak 40 Anti-tank Gun Team
Pak 40 Anti-tank Gun Team
Medical Bunker
Selects Designated Artillery Overwatch
Designated Artillery Overwatch
Panzergrenadier Officer Quarters
Repair Bunker
MG 42 Bunker
Selects Artillery Officer
MG 42 Bunker
Coastal Reserve
Designated Artillery Overwatch
MG 42 Bunker
HelloFriends :D
雪花零落
..................
Adam
RCXJPng
fj6862
cannot compute
̶H̶e̶c̶t̶o̶r̶
0
0
Comments
sign in to comment!
No comments posted yet!